 Dungeon Crawl Stone Soup version 0.25-a0-505-gae4569222e (console) character file.

Game seed: 18043404614992738674, levelgen mode: deterministic

30 surprisetrex the Firebug (level 3, -5/26 HPs)
             Began as a Hill Orc Fire Elementalist on Feb 14, 2020.
             Slain by a gnoll
             ... wielding a +0 club
              (6 damage)
             ... on level 2 of the Dungeon.
             The game lasted 00:13:19 (1816 turns).

surprisetrex the Firebug (HOFE)                     Turns: 1816, Time: 00:13:19

Health: -5/26      AC:  3    Str: 10    XL:     3   Next: 20%
Magic:  4/5        EV: 12    Int: 16    God:
Gold:   103        SH:  0    Dex: 11    Spells: 4/5 levels left

rFire    . . .     SeeInvis .   a - +0 hand axe
rCold    . . .     Gourm    .   (no shield)
rNeg     . . .     Faith    .   h - +0 robe
rPois    .         Spirit   .   l - +0 helmet
rElec    .         Reflect  .   (no cloak)
rCorr    .         Harm     .   (no gloves)
MR       .....                  (no boots)
Stlth    ++........             (no amulet)
HPRegen  0.08/turn              (no ring)
MPRegen  0.09/turn              (no ring)

@: no status effects
A: no striking features
a: no special abilities


You were on level 2 of the Dungeon.
You were hungry.

You visited 1 branch of the dungeon, and saw 2 of its levels.

You collected 103 gold pieces.

Inventory:

Hand Weapons
 a - a +0 hand axe (weapon)
 b - a +0 club
Missiles
 i - 3 stones (quivered)
Armour
 h - a +0 robe (worn)
 l - a +0 helmet (worn)
Scrolls
 g - a scroll of fog
Potions
 d - a potion of agility {unknown}
 k - 3 potions of flight {unknown}
Comestibles
 c - 3 rations
 m - 3 chunks of flesh


   Skills:
 + Level 0.4 Axes
 - Level 1.5 Dodging
 - Level 1.5 Stealth
 - Level 1.5 Spellcasting
 - Level 1.0 Conjurations
 * Level 4.6 Fire Magic


You had 4 spell levels left.
You knew the following spells:

 Your Spells              Type           Power        Failure   Level  Hunger
a - Foxfire               Conj/Fire      ##..         7%          1    ##.....

Your spell library contained the following spells:

 Spells                   Type           Power        Failure   Level  Hunger
 Conjure Flame            Conj/Fire      ##......     21%         3    ####...
 Inner Flame              Hex/Fire       #.......     26%         3    ####...
 Sticky Flame             Conj/Fire      ##......     56%         4    #####..
 Fireball                 Conj/Fire      ##........   88%         5    ######.


Dungeon Overview and Level Annotations

Branches:
Dungeon (2/15)

Altars:


Message History

The gnoll is heavily wounded.
The gnoll hits you with a +0 club.
* * * LOW HITPOINT WARNING * * *
You hit the gnoll but do no damage.
The gnoll is heavily wounded.
The gnoll hits you with a +0 club.
* * * LOW HITPOINT WARNING * * *
The giant cockroach bites you but does no damage.
You closely miss the gnoll.
The gnoll is heavily wounded.
You barely miss the giant cockroach. The gnoll hits you with a +0 club.
* * * LOW HITPOINT WARNING * * *
The giant cockroach bites you.
* * * LOW HITPOINT WARNING * * *
The gnoll closely misses you. The giant cockroach closely misses you.
You hit the gnoll.
The gnoll is severely wounded.
You completely miss the giant cockroach.
The gnoll hits you with a +0 club.
You die...

.....######.....
####.# #.....###
#.# #.......#
#.# #....... #.#
#....... # #.#
#.....g# # #.#
#.....g# #
#.###########s#
#
#...........g@#
#
###############
#########
........#
#######.# #.#
#######.#
......#.#
........#


You could see 3 gnolls and a giant cockroach.

Vanquished Creatures
  A worm (D:2)
  2 leopard geckos (D:1)
  2 bats (D:1)
  A giant cockroach (D:1)
  3 goblins (D:1)
  5 hobgoblins (D:1)
  2 jackals (D:2)
  A ball python (D:1)
  A frilled lizard (D:1)
  3 kobolds
  2 rats (D:1)
23 creatures vanquished.

Vanquished Creatures (others)
  45 foxfires
45 creatures vanquished.

Grand Total: 68 creatures vanquished

Notes
Turn   | Place    | Note
-------+----------+-------------------------------------------
     0 | D:1      | surprisetrex the Hill Orc Fire Elementalist began the quest
                  | for the Orb.
     0 | D:1      | Reached XP level 1. HP: 14/14 MP: 3/3
     0 | D:1      | Noticed a merfolk zombie
     2 | D:1      | Noticed a gargoyle
    12 | D:1      | Noticed a troll
    17 | D:1      | Noticed a spriggan
    21 | D:1      | Noticed an elf
   288 | D:1      | You fall into a shaft and drop 1 floor!
   370 | D:1      | Reached XP level 2. HP: 19/20 MP: 4/4
   396 | D:1      | Reached skill level 4 in Fire Magic
   934 | D:1      | HP: 1/20 [hobgoblin/+0 hand axe (5)]
  1327 | D:1      | Reached XP level 3. HP: 26/26 MP: 2/5
  1815 | D:2      | HP: 1/26 [giant cockroach (1)]
  1816 | D:2      | Slain by a gnoll

Levels and vault maps discovered:
D:1:      shiori_arrival_whats_in_store_for_you, layout_loops_ring,
          minmay_octomino_j4
D:2:      layout_basic, chequers_temple_overflow_statue_of_worship

Skill      XL: |  1  2 |
---------------+-------+-----
Fire Magic     | 4 |  4.6
Axes           | |  0.4
Dodging        | |  1.5
Stealth        | |  1.5
Spellcasting   | |  1.5
Conjurations   | |  1.0

Action                   || total
-------------------------++-------
Melee: Club              ||    27
       Unarmed           ||     3
       Hand axe          ||    29
Throw: Stone             ||    15
 Cast: Foxfire           ||    30
  Use: Scroll            ||     3
  Eat: Chunk             ||     3
Armor: Robe              ||    15
Dodge: Dodged            ||    77

Table legend:
 A = Non-vault XP
 B = Vault XP
 C = Vault XP percentage of total XP
 D = Non-vault monster count
 E = Vault monster count
 F = Vault count percentage of total count
                 A         B        C        D         E       F
            +---------+---------+-------+---------+---------+-------
      Total |      42 |       2 |   4.5 |      22 |       1 |   4.3
            +---------+---------+-------+---------+---------+-------
        D:1 |      31 |       2 |   6.1 |      18 |       1 |   5.3
        D:2 |      11 |       0 |   0.0 |       4 |       0 |   0.0
            +---------+---------+-------+---------+---------+-------
